Map: Jagannatha LE

Players

Harstem

  • Race: Protoss Protoss

Serral - Winner!

  • Race: Zerg Zerg

Event: DreamHack SC2 Masters 2021 Winter

VOD

Have the link to the VOD?

Description

Time

  • Played on: Oct. 8, 2021, 12:11 p.m.
  • Length: 6:08

All games in this series

Show
View Real Time Build Order
Export as new Build Order

Harstem Protoss 

Build Orders: 1 Gate Expand 

Get SALT Encoding   

  12  0:00  Probe  
  13  0:12  Probe  
  14  0:22  Pylon  
  14  0:24  Probe  
  15  0:40  Probe (Chrono Boost)  
  15  0:41  Gateway  
  16  0:49  Probe (Chrono Boost)  
  17  0:51  Assimilator  
  17  0:54  Probe (Chrono Boost)  
  18  1:06  Probe  
  19  1:18  Probe  
  20  1:28  Nexus  
  20  1:39  Cybernetics Core  
  20  1:41  Probe  
  21  1:47  Assimilator  
  21  1:53  Probe  
  22  2:00  Pylon  
  22  2:05  Probe  
  23  2:15  Adept (Chrono Boost)  
  23  2:18  Probe  
  23  2:21  Warp Gate  
  26  2:28  Pylon  
  26  2:30  Probe  
  26  2:35  Stalker (Chrono Boost)  
  27  2:42  Probe  
  31  2:49  Robotics Facility  
  31  2:50  Probe  
  31  2:54  Probe  
  32  3:03  Probe  
  33  3:06  Probe  
  33  3:10  Gateway  
  34  3:16  Probe  
  35  3:23  Probe  
  35  3:26  Gateway  
  36  3:28  Probe  
  36  3:33  Immortal (Chrono Boost)  
  37  3:39  Probe  
  42  3:42  Probe  
  43  3:50  Gateway  
  43  3:52  Gateway  
  43  3:54  Probe  
  44  4:02  Immortal (Chrono Boost)  
  44  4:08  Pylon  
  48  4:11  Sentry  
  48  4:12  Sentry  
  48  4:15  Pylon  
  52  4:22  Sentry  
  52  4:23  Pylon  
  55  4:34  Immortal (Chrono Boost), Assimilator  
  55  4:37  Zealot  
  60  4:40  Probe  
  60  4:43  Sentry  
  60  4:45  Zealot  
  65  4:49  Zealot  
  65  4:52  Zealot  
  69  4:58  Zealot  
  71  5:05  Warp Prism (Chrono Boost), Pylon  
  71  5:06  Sentry  
  73  5:13  Zealot  
  77  5:19  Pylon  
  77  5:27  Zealot x3  
  81  5:37  Zealot x2  
Show
View Real Time Build Order
Export as new Build Order

Serral Zerg - Winner!

Build Orders: Hatch First 

Get SALT Encoding   

  12  0:00  Drone  
  13  0:11  Overlord  
  13  0:17  Drone  
  14  0:30  Drone x2  
  16  0:43  Drone  
  17  0:51  Hatchery  
  17  0:55  Drone  
  17  0:59  Drone  
  18  1:10  Extractor  
  17  1:13  Spawning Pool  
  17  1:16  Drone  
  17  1:20  Drone  
  18  1:27  Drone  
  19  1:38  Drone  
  20  1:49  Overlord  
  20  2:00  Queen  
  22  2:03  Queen  
  22  2:04  Zergling x4  
  26  2:10  Drone  
  26  2:11  Metabolic Boost  
  26  2:14  Drone  
  28  2:21  Drone  
  29  2:24  Drone  
  30  2:38  Queen  
  32  2:45  Hatchery  
  32  2:47  Drone  
  32  2:48  Drone  
  33  2:53  Overlord  
  33  2:56  Drone  
  33  2:57  Drone  
  35  3:02  Drone  
  35  3:04  Overlord  
  35  3:12  Zergling x6  
  38  3:16  Queen  
  38  3:19  Drone  
  41  3:21  Drone  
  41  3:24  Overlord  
  42  3:27  Drone  
  42  3:28  Drone  
  42  3:30  Drone  
  45  3:34  Overlord  
  45  3:40  Roach Warren  
  44  3:45  Drone x2  
  44  3:47  Drone  
  47  3:51  Extractor  
  47  3:52  Drone x3  
  49  3:58  Drone x3  
  52  4:04  Zergling x6  
  52  4:09  Zergling x2  
  56  4:12  Zergling x6  
  56  4:14  Overlord  
  59  4:17  Overlord  
  59  4:26  Spore Crawler  
  59  4:30  Roach x4  
  66  4:38  Spore Crawler  
  66  4:41  Drone x2  
  66  4:42  Drone x3  
  70  4:50  Queen x2  
  74  4:55  Queen  
  74  4:57  Overlord  
  76  5:02  Roach x2  
  76  5:07  Drone  
  80  5:13  Overlord x2  
  80  5:16  Overlord  
  80  5:24  Zergling x2  
  80  5:25  Zergling x16  
  80  5:28  Ravager  
  90  5:35  Ravager  
  86  5:37  Ravager x3  
  86  5:38  Zergling x14  
  94  5:47  Zergling x12  

Tags
 
Add a new tag
Caveats
  • Supply blocks, unpowered buildings, or Contaminate may cause inaccurate times.
  • Supply counts are checked every 10 seconds.